 Dungeon Crawl Stone Soup version 0.29-a0-2-g12fcac58f8 (webtiles) character file.

Game seed: 17000416364313627145

107 hashsling the Skirmisher (level 4, -2/41 HPs)
             Began as a Hill Orc Fighter on Jan 26, 2022.
             Slain by Sigmund (7 damage)
             ... on level 2 of the Dungeon.
             The game lasted 00:03:02 (2078 turns).

hashsling the Skirmisher (Hill Orc Fighter)         Turns: 2078, Time: 00:03:02

Health: -2/41      AC:  8    Str: 20    XL:     4   Next: 85%
Magic:  4/4        EV:  9    Int:  8    God:
Gold:   102        SH:  4    Dex: 10    Spells: 3/3 levels left

rFire   . . .      SeeInvis .   a - +0 war axe
rCold   . . .      Faith    .   c - +0 buckler
rNeg    . . .      Spirit   .   b - +0 scale mail
rPois   .          Reflect  .   (no helmet)
rElec   .          Harm     .   (no cloak)
rCorr   .          Rampage  .   (no gloves)
Will    .....                   k - +0 pair of boots
Stlth   ..........              (no amulet)
HPRegen 0.13/turn               (no ring)
MPRegen 0.09/turn               (no ring)

@: no status effects
A: no striking features
a: no special abilities


You were on level 2 of the Dungeon.
You visited 1 branch of the dungeon, and saw 2 of its levels.

You collected 102 gold pieces.

Inventory:

Hand Weapons
 a - a +0 war axe (weapon)
Armour
 b - a +0 scale mail (worn)
 c - a +0 buckler (worn)
 k - a +0 pair of boots (worn)
Jewellery
 h - a ring of fire
Scrolls
 f - a scroll of identify {unknown}
 i - 2 scrolls of brand weapon {unknown}
Potions
 d - a potion of might
 e - 3 potions of attraction {unknown}
 g - a potion of berserk rage {unknown}
 j - a potion of cancellation {unknown}
 l - a potion of flight {unknown}
 m - a potion of curing {unknown}


   Skills:
 + Level 4.5 Fighting
 + Level 4.0 Axes
 + Level 4.1 Armour
 - Level 4.0 Shields


You had 3 spell levels left.
You didn't know any spells.
Your spell library was empty.

Dungeon Overview and Level Annotations

Branches:
Dungeon (2/15)

Altars:

Annotations:
D:2 Sigmund


Message History

You're too confused to move!
You feel less confused.
Sigmund says, "You will soon forget everything."
You block Sigmund's attack.
Throw: throwing net
Press: ? - help, Shift-Dir - straight line, f - Sigmund
Aim: Sigmund, wielding a +5 scythe of protection and wearing a +2 robe of willpower (moderately wounded, 53% to hit)
You throw a throwing net. The throwing net hits Sigmund.
Sigmund is caught in the net!
Sigmund is moderately wounded.
Sigmund struggles against the net.
You hit Sigmund but do no damage.
Sigmund is moderately wounded.
Sigmund struggles against the net.
You hit Sigmund.
Sigmund is heavily wounded.
Sigmund says, "Look into my eyes."
Sigmund mumbles some strange words.
Sigmund flickers and vanishes!
Deactivating autopickup; reactivate with Ctrl-A.
Something wriggles in the net.
You barely miss something.
You hear some strange, mumbled words.
A puff of flame appears from out of thin air!
The puff of flame hits you but does no damage.
Something wriggles in the net.
You hit something. You hit something but do no damage.
Something wriggles in the net.
All of a sudden the net rips apart!
Something hits you.
You closely miss something.
You hear some strange, mumbled words.
You are confused.
Something hits you.
* * * LOW HITPOINT WARNING * * *
You bump into the rock wall.
Something hits you.
* * * LOW HITPOINT WARNING * * *
You feel less confused. Something hits you!
You die...

#...#.# #.# ###### #...#.#
#.. .....#####...#.# #.#
.....'.........# ... #
.....#############.### .#
.....# #.. ..... . .....#
#.#######.###.#
.....#####.#.........#.#.#
..........(.....@.......>#
##########.#)#)....#.#.###
# #.#)#....<#.# # #
#.#.#######.#
##########.#.##......#
.(.......#.#.......###
########.#.#..#.#@.#
#.#.#..#.#<.#
#.#.#..#.####


There were no monsters in sight!

Vanquished Creatures
  Terence (D:2)
  4 gnolls (D:2)
  An adder (D:2)
  A worm (D:2)
  4 endoplasms
  3 goblins
  6 hobgoblins
  4 jackals (D:2)
  A quokka (D:1)
  3 ball pythons
  2 bats
  A frilled lizard (D:1)
  2 kobolds (D:1)
  2 rats
35 creatures vanquished.

Notes
Turn   | Place    | Note
-------+----------+-------------------------------------------
     0 | D:1      | hashsling the Hill Orc Fighter began the quest for the Orb.
     0 | D:1      | Reached XP level 1. HP: 19/19 MP: 1/1
   558 | D:1      | Reached XP level 2. HP: 26/27 MP: 2/2
  1056 | D:1      | Found a faded altar of an unknown god.
  1492 | D:2      | Reached XP level 3. HP: 28/33 MP: 3/3
  1606 | D:2      | Noticed Terence
  1609 | D:2      | Killed Terence
  1713 | D:2      | Reached XP level 4. HP: 36/40 MP: 4/4
  1772 | D:2      | Noticed Sigmund
  2078 | D:2      | Slain by Sigmund

Illustrated notes

Levels and vault maps discovered:
D:1:      elethiomel_arrival_infinity_welcomes_careful_drivers, layout_basic,
          shapermc_ecumenical_altar_ellora
D:2:      layout_basic, corexii_corridor_pit, uniq_terence, uniq_sigmund

Skill      XL: |  1  2  3  4 |
---------------+-------------+-----
Axes           | 3 4 |  4.0
Fighting       | 4 |  4.5
Shields        | 4 |  4.0
Armour         | 4 |  4.1

Action                   |  1- 3 |  4- 6 || total
-------------------------+-------+-------++-------
Melee: War axe           |    84 |    20 ||   104
Throw: Throwing net      |       |     1 ||     1
Armor: Scale mail        |    33 |    12 ||    45
Dodge: Dodged            |    35 |    17 ||    52
Block: Buckler           |    18 |     6 ||    24

Table legend: (Time is in decaauts)
 A = Elapsed time spent in this place.
 B = Non-inter-level travel time spent in this place.
 C = Inter-level travel time spent in this place.
 D = Time resting spent in this place.
 E = Time spent auto-exploring this place.
 F = Levels seen in this place.
 G = Mean time per level.
                   A        B        C        D        E       F      G
               +--------+--------+--------+--------+--------+-----+--------+
         Total |   2117 |   2087 |     30 |    257 |   1533 |   2 | 1058.5 |
       Dungeon |   2117 |   2087 |     30 |    257 |   1533 |   2 | 1058.5 |
               +--------+--------+--------+--------+--------+-----+--------+

Top non-repeatable levels by time:
     D:1: 1528 daAuts
     D:2: 588 daAuts
